 Dungeon Crawl Stone Soup version 0.18-a0-1589-g520a787 (webtiles) character file.

87 Oddball22 the Grave Robber (level 4, 0/33 HPs)
             Began as a Demonspawn Necromancer on Mar 19, 2016.
             Slain by Sigmund
             ... wielding a +0 scythe
              (5 damage)
             ... on level 3 of the Dungeon.
             The game lasted 00:10:22 (2703 turns).

Oddball22 the Grave Robber (Demonspawn Necromancer) Turns: 2703, Time: 00:10:23

Health: 0/33       AC:  2    Str:  8    XL:     4   Next: 28%
Magic:  0/8        EV: 13    Int: 18    God:
Gold:   84         SH:  0    Dex: 13    Spells: 3 memorised, 3 levels left

rFire  . . .     SeeInvis .     p - +0 hand axe (chop)
rCold  . . .     Gourm    .     a - +0 robe
rNeg   . . .     Faith    .     (no shield)
rPois  .         Spirit   +     (no helmet)
rElec  .         Dismiss  .     (no cloak)
rCorr  .         Reflect  .     (no gloves)
SustAt .         Harm     .     (no boots)
MR     .....                    (no amulet)
Stlth  ++........               (no ring)
                                (no ring)

@: not resistant to hostile enchantments, unstealthy
A: claws 1, magic shield
a: no special abilities


You were on level 3 of the Dungeon.
You were not hungry.

You visited 1 branch of the dungeon, and saw 3 of its levels.

You collected 84 gold pieces.

Inventory:

Hand Weapons
 p - a +0 hand axe of chopping (weapon)
Armour
 a - a +0 robe (worn)
 s - a cursed +0 shield
Scrolls
 g - 3 scrolls of identify {unknown}
 i - a scroll of fog {unknown}
 j - a scroll of remove curse {unknown}
 m - 3 scrolls of recharging {unknown}
 o - a scroll of immolation {unknown}
 q - a scroll of noise {unknown}
 r - a scroll of random uselessness {unknown}
 t - a scroll of magic mapping {unknown}
Potions
 d - a potion of lignification {unknown}
 e - a potion of invisibility {unknown}
 f - 2 potions of might {unknown}
 h - a potion of berserk rage {unknown}
 l - a potion of curing
 u - 2 potions of brilliance {unknown}
 v - a potion of mutation {unknown}
Books
 b - a book of Necromancy

   Spells                             Type                      Level
   a - Pain                           Necromancy                   1
   b - Animate Skeleton               Necromancy                   1
   c - Vampiric Draining              Necromancy                   3
   d - Regeneration                   Charms/Necromancy            3
   e - Animate Dead                   Necromancy                   4
   f - Control Undead                 Necromancy                   4
Comestibles
 c - 2 bread rations
 k - 2 chunks of flesh
 n - a meat ration


   Skills:
 - Level 2.2 Fighting
 + Level 2.6 Dodging
 - Level 1.7 Stealth
 * Level 2.7 Spellcasting
 + Level 4.5 Necromancy


You had 3 spell levels left.
You knew the following spells:

 Your Spells              Type           Power        Failure   Level  Hunger
a - Pain                  Necr           ###.         2%          1    None
b - Animate Skeleton      Necr           N/A          2%          1    None
c - Vampiric Draining     Necr           ###.......   10%         3    ###....


Dungeon Overview and Level Annotations

Branches:
Dungeon (3/15)

Altars:

Annotations:
D:3 Sigmund


Innate Abilities, Weirdness & Mutations

You have sharp fingernails.
When hurt, damage is shared between your health and your magic reserves.


Message History

You hit Sigmund but do no damage.
Sigmund is heavily wounded.
Sigmund barely misses you.
You closely miss Sigmund.
Sigmund is heavily wounded.
Sigmund barely misses you.
You barely miss Sigmund.
Sigmund is heavily wounded.
Sigmund casts a spell at you. You resist with some effort.
You hit Sigmund.
Sigmund is severely wounded.
Sigmund casts a spell.
Sigmund flickers and vanishes!
Deactivating autopickup; reactivate with Ctrl-A.
You barely miss something. Something hits you!
* * * LOW HITPOINT WARNING * * *
You miss something. Something completely misses you.
You hit something. Something hits you!
You die...

##...## #.....#
.....# ## #
.......# #.#
...##.# .# ..
..##.# .#
#.##{##.##.####
#%.<@..?.#.....
####(#.......#
#..(....#
###....##
#.#†.# #.##.# #
#.##.##.#
#...>...#
####.####


There were no monsters in sight!

Vanquished Creatures
  A gnoll (D:1)
  An adder (D:2)
  A dart slug (D:1)
  6 giant geckos
  6 bats
  4 giant cockroaches (D:1)
  10 hobgoblins
  10 kobolds
  2 quokkas (D:2)
  A ball python (D:2)
  A giant newt (D:1)
  5 goblins
  5 rats
53 creatures vanquished.

Notes
Turn   | Place    | Note
--------------------------------------------------------------
     0 | D:1      | Oddball22 the Demonspawn Necromancer began the quest for the Orb.
     0 | D:1      | Reached XP level 1. HP: 13/13 MP: 3/3
   314 | D:1      | Reached skill level 1 in Fighting
   340 | D:1      | Gained mutation: When hurt, damage is shared between your health and your magic reserves. [demonic ancestry]
   340 | D:1      | Reached XP level 2. HP: 16/21 MP: 0/5
   634 | D:1      | Reached XP level 3. HP: 9/26 MP: 0/6
  1067 | D:1      | Learned a level 1 spell: Animate Skeleton
  1071 | D:1      | Learned a level 3 spell: Vampiric Draining
  2172 | D:2      | Gained mutation: You have sharp fingernails. [demonic ancestry]
  2172 | D:2      | Reached XP level 4. HP: 31/33 MP: 7/7
  2684 | D:3      | Noticed Sigmund
  2703 | D:3      | Slain by Sigmund

Vault maps used:
D:1:      dpeg_arrival_chambers_temple_mockup, st_stairs_8
D:2:      first_bread
D:3:      kennysheep_generic_room_12, uniq_sigmund, uniq_robin, uniq_grinder,
          uniq_natasha

Skill      XL: |  1  2  3 |
---------------+----------+-----
Dodging        | 2 |  2.6
Fighting       | 1 2 |  2.2
Stealth        | |  1.7
Spellcasting   | |  2.7
Necromancy     | |  4.5

Action                   |  1- 3 |  4- 6 || total
-------------------------+-------+-------++-------
Melee: Hand axe          |     8 |    35 ||    43
       Unarmed           |     6 |       ||     6
 Cast: Pain              |    72 |       ||    72
       Vampiric Draining |       |     1 ||     1
 Stab: Sleeping          |       |     2 ||     2
  Eat: Chunk             |     4 |     2 ||     6
